 Dungeon Crawl Stone Soup version 0.26.1-11-gd32895ea62 (webtiles) character file.

Game seed: 9027779690975647138

2202 Gremour the Fighter (level 9, -6/82 HPs)
             Began as a Hill Orc Fighter on May 8, 2021.
             Was an Initiate of Okawaru.
             Killed by divine providence
             ... invoked by an orc priest
              (10 damage)
             ... on level 7 of the Dungeon.
             The game lasted 00:35:12 (6521 turns).

Gremour the Fighter (Hill Orc Fighter)              Turns: 6521, Time: 00:35:13

Health: -6/82      AC: 13    Str: 19    XL:     9   Next: 34%
Magic:  9/9        EV: 11    Int: 10    God:    Okawaru [......]
Gold:   379        SH:  0    Dex: 15    Spells: 8/8 levels left

rFire    . . .     SeeInvis .   u - +5 quarterstaff "Esaesun" {vorpal, +Fly Int+4 Dex+2 Stlth-}
rCold    . . .     Faith    .   (shield currently unavailable)
rNeg     + . .     Spirit   .   b - +0 scale mail
rPois    +         Reflect  .   t - +1 helmet
rElec    .         Harm     .   (no cloak)
rCorr    .         Rampage  .   (no gloves)
Will     +++..                  (no boots)
Stlth    ..........             n - amulet of the acrobat
HPRegen  0.23/turn              h - +4 ring of protection
MPRegen  0.11/turn              q - ring "Zuatz" {rPois rN+ Will+++ Int-2}

@: berserk cooldown, slowed, very slow
A: no striking features
a: Renounce Religion, Convert to Beogh, Evoke Flight


You were on level 7 of the Dungeon.
You worshipped Okawaru.
Okawaru was noncommittal.
You visited 2 branches of the dungeon, and saw 8 of its levels.
You visited the Abyss 1 time.
You also visited: Sewer.

You collected 379 gold pieces.

Inventory:

Hand Weapons
 a - a +1 long sword
 u - the +5 quarterstaff "Esaesun" (weapon) {vorpal, +Fly Int+4 Dex+2 Stlth-}
   (You found it on level 4 of the Dungeon)

   It inflicts extra damage upon your enemies.
   It affects your intelligence (+4).
   It affects your dexterity (+2).
   It lets you fly.
   It makes you less stealthy.
Armour
 b - a +0 scale mail (worn)
 c - a +0 kite shield
 t - a +1 helmet (worn)
Jewellery
 h - a +4 ring of protection (left hand)
 n - an amulet of the acrobat (around neck)
 q - the ring "Zuatz" (right hand) {rPois rN+ Will+++ Int-2}
   (You found it on level 6 of the Dungeon)

   [ring of poison resistance]

   It affects your intelligence (-2).
   It protects you from poison.
   It protects you from negative energy.
   It affects your willpower, your defense against some magical effects.
Scrolls
 e - 4 scrolls of teleportation
 g - a scroll of blinking
 i - 7 scrolls of remove curse
 m - 7 scrolls of identify
 o - a scroll of magic mapping
 p - a scroll of amnesia
 y - a scroll of enchant weapon
Potions
 f - 3 potions of ambrosia
 j - a potion of brilliance
 k - a potion of might
 l - a potion of berserk rage
 r - a potion of invisibility {unknown}
 s - 3 potions of heal wounds
 v - a potion of magic
 w - a potion of cancellation {unknown}
 x - 5 potions of curing


   Skills:
 * Level 8.6 Fighting
 - Level 6.1 Long Blades
 + Level 5.4 Staves
 - Level 4.6 Armour
 + Level 2.7 Dodging
 + Level 1.0 Stealth
 + Level 5.3 Shields


You had 8 spell levels left.
You didn't know any spells.
Your spell library contained the following spells:

 Spells                   Type           Power        Failure   Level
 Magic Dart               Conj           0%           71%         1
 Searing Ray              Conj           0%           85%         2
 Dazzling Flash           Conj/Hex       0%           97%         3
 Fulminant Prism          Conj/Hex       0%           100%        4
 Iskenderun's Mystic Bla  Conj/Tloc      0%           100%        4


Dungeon Overview and Level Annotations

Branches:
Dungeon (7/15)             Temple (1/1) D:6           Sewer (visited)

Altars:
Ashenzari
Cheibriados
Dithmenos
Elyvilon
Fedhas
Gozag
Hepliaklqana
Kikubaaqudgha
Makhleb
Nemelex Xobeh
Okawaru
Qazlal
Ru
Sif Muna
Trog
Vehumet
Wu Jian
Xom
Zin
The Shining One

Shops:
D:4 :   D:5 *


Message History

* * * LOW HITPOINT WARNING * * *
You are poisoned.
The killer bee poisons you!
The killer bee stings you but does no damage.
The killer bee stings you.
* * * LOW HITPOINT WARNING * * *
The orc priest calls down the wrath of Beogh upon you.
Beogh smites you!
* * * LOW HITPOINT WARNING * * *
The killer bee misses you.
The orc priest looks satisfied for a moment.
The killer bee barely misses you. The orc warrior barely misses you.
You feel better.
You float gracefully downwards.
The killer bee barely misses you.
The killer bee stings you but does no damage.
The killer bee closely misses you. The killer bee stings you.
* * * LOW HITPOINT WARNING * * *
The orc priest invokes the aid of Beogh against you.
Beogh smites you!
You die...

... ...)..
......####
...........#
....!......#
...!......o####
o.y..........ly@.#
.o.y........#y#y#
#..!.##..#..o_..#
###....# #..g##.###
...oy.####..#..## #
#.#o.##.o......#
g##..g.##o..##.#..#
.<#oog.)....##.....
...)go###...#####...


You could see an orc warrior, 3 killer bees, 2 orc priests, a gnoll, an orc and
a leopard gecko.

Vanquished Creatures
  Sigmund (D:2)
  An orc warrior (D:5)
  A sky beast (D:6)
  A phantom (D:4)
  3 ogres
  2 centaurs
  2 big kobolds (Sewer)
  3 bullfrogs
  3 scorpions
  3 killer bees (D:7)
  A howler monkey (D:3)
  3 orc priests
  2 jellies (D:5)
  5 orc wizards
  Jessica (D:2)
  A bullfrog skeleton (D:5)
  2 iguanas
  2 worker ants (D:4)
  A howler monkey skeleton (D:6)
  9 adders
  A shadow imp (D:6)
  A white imp (D:6)
  2 ufetubi
  4 oozes
  An adder skeleton (D:6)
  4 worms
  3 dart slugs (D:1)
  A leopard gecko (D:4)
  17 orcs
  9 bats
  9 giant cockroaches
  7 goblins
  7 hobgoblins
  7 jackals
  2 quokkas
  4 ball pythons
  8 frilled lizards
  19 kobolds
  9 rats
162 creatures vanquished.

Vanquished Creatures (others)
  A bush (D:5)
  3 plants (Sewer)
4 creatures vanquished.

Grand Total: 166 creatures vanquished

Notes
Turn   | Place    | Note
-------+----------+-------------------------------------------
     0 | D:1      | Gremour the Hill Orc Fighter began the quest for the Orb.
     0 | D:1      | Reached XP level 1. HP: 19/19 MP: 1/1
   166 | D:1      | Reached XP level 2. HP: 23/27 MP: 2/2
   339 | D:1      | Reached XP level 3. HP: 29/33 MP: 3/3
   826 | D:2      | Reached skill level 4 in Fighting
   941 | D:2      | Reached XP level 4. HP: 32/40 MP: 4/4
  1044 | D:2      | Noticed Jessica
  1048 | D:2      | Killed Jessica
  1310 | D:2      | Noticed Sigmund
  1357 | D:2      | Killed Sigmund
  1358 | D:2      | Reached skill level 1 in Dodging
  1358 | D:2      | Reached XP level 5. HP: 29/47 MP: 5/5
  1358 | D:2      | Reached XP level 6. HP: 34/55 MP: 6/6
  1390 | D:2      | You fall into a shaft and drop 1 floor!
  1441 | D:3      | Found a bloodstained altar of Trog.
  1466 | D:3      | Reached skill level 5 in Fighting
  1714 | D:3      | Reached skill level 5 in Long Blades
  2262 | D:3      | Reached XP level 7. HP: 57/61 MP: 7/7
  2464 | D:4      | Reached skill level 6 in Fighting
  3081 | D:4      | Reached XP level 8. HP: 68/71 MP: 8/8
  3144 | D:4      | Got a shimmering quarterstaff
  3150 | D:4      | Identified the +5 quarterstaff "Esaesun" {vorpal, +Fly
                  | Int+4 Dex+2 Stlth-} (You found it on level 4 of the
                  | Dungeon)
  3256 | D:4      | Found a sparkling altar of Nemelex Xobeh.
  3259 | D:4      | Found a radiant altar of Vehumet.
  3295 | D:4      | Reached skill level 7 in Fighting
  3295 | D:4      | Reached skill level 5 in Shields
  3469 | D:4      | Found Furian's Book Shoppe.
  3606 | D:4      | Cast into level 1 of the Abyss (orc)
  3624 | Abyss:1  | Found a corrupted altar of Lugonu.
  3642 | D:4      | Escaped the Abyss
  3984 | D:5      | Entered Level 5 of the Dungeon
  3985 | D:5      | Found an opulent altar of Gozag.
  3985 | D:5      | Found Gozag's Platinum Reserve.
  4013 | D:5      | Reached skill level 1 in Staves
  4250 | D:5      | Found a glowing drain.
  4263 | Sewer    | Entered a sewer
  5061 | D:5      | Found a hazy altar of Hepliaklqana.
  5182 | D:5      | Reached skill level 8 in Fighting
  5492 | D:6      | Reached XP level 9. HP: 81/81 MP: 9/9
  5506 | D:6      | Got a brightly glowing glass ring
  5509 | D:6      | Identified the ring "Zuatz" {rPois rN+ Will+++ Int-2} (You
                  | found it on level 6 of the Dungeon)
  5646 | D:6      | Found a staircase to the Ecumenical Temple.
  5753 | D:6      | Reached skill level 5 in Staves
  6059 | Temple   | Entered the Ecumenical Temple
  6418 | Temple   | Became a worshipper of Warmaster Okawaru
  6495 | D:7      | Reached skill level 1 in Stealth
  6511 | D:7      | Found a shimmering altar of Xom.
  6517 | D:7      | HP: 1/82 [killer bee (7)]
  6521 | D:7      | Killed from afar by an orc priest

Illustrated notes

Levels and vault maps discovered:
D:1:      dpeg_arrival_round_b, layout_basic
D:2:      layout_basic, minmay_pentomino_s4, uniq_jessica, uniq_sigmund
D:3:      layout_basic, lemuel_crystal_altar
D:4:      layout_gridville, chequers_temple_overflow_statue_of_worship,
          serial_shops, shop
D:5:      layout_basic, nicolae_gozag_zags_fifth_avenue, lemuel_doored_altar,
          cheibrodos_sewer_entry_sluice, kb_lookout_dungeons_type,
          guppyfry_early_orc_mine
D:6:      layout_layer_cave, temple_pool_b
D:7:      layout_rooms, lemuel_crystal_altar
Temple:   minmay_temple_curvy_branch

Skill      XL: |  1  2  3  4  5  6  7  8  9 |
---------------+----------------------------+-----
Long Blades    | 3 4 5 6 |  6.1
Fighting       | 4 5 6 8 |  8.6
Armour         | 4 |  4.6
Dodging        | 1 2 |  2.7
Shields        | 4 5 |  5.3
Staves         | 4 5 |  5.4
Stealth        | 1 |  1.0

Action                   |  1- 3 |  4- 6 |  7- 9 || total
-------------------------+-------+-------+-------++-------
Melee: Long sword        |   103 |   124 |   106 ||   333
       Quarterstaff      |       |       |   208 ||   208
  Use: Potion            |       |     8 |    11 ||    19
       Scroll            |       |       |    11 ||    11
Armor: Scale mail        |    59 |    46 |   166 ||   271
       Skin              |       |    15 |       ||    15
Dodge: Dodged            |    43 |    33 |   249 ||   325
Block: Kite shield       |    55 |    38 |    58 ||   151
       Rpst.: Long sword |    15 |    14 |     5 ||    34
